 Dungeon Crawl Stone Soup version 0.31-a0-233-g139696dc86 (webtiles) character file.

Game seed: 5794903701611479528

98 qw the Shooter (level 4, -1/26 HPs)
             Began as a Gargoyle Hexslinger on July 8, 2023.
             Slain by Sigmund
             ... wielding a +0 scythe
              (7 damage)
             ... on level 2 of the Dungeon.
             The game lasted 00:00:31 (1468 turns).

qw the Shooter (Gargoyle Hexslinger)                Turns: 1468, Time: 00:00:31

Health: -1/26      AC:  5    Str: 12    XL:     4   Next: 71%
Magic:  5/5        EV: 12    Int: 13    God:
Gold:   66         SH:  0    Dex: 14    Spells: 4/5 levels left

rFire   . . .        Y - +3 sling
rCold   . . .        (no shield)
rNeg    + . .        c - +0 robe
rPois   inf          (no helmet)
rElec   +            (no cloak)
rCorr   .            (no gloves)
SInv    .            (no boots)
Will    .....        (no amulet)
Stlth   +            (no ring)
HPRegen 0.24/turn    (no ring)
MPRegen 0.09/turn

%: no passive effects
@: no status effects
A: sickness immunity, AC +3, negative energy resistance 1, electricity
resistance, torment resistance 1, petrification resistance
a: no special abilities


You were on level 2 of the Dungeon.
You visited 1 branch of the dungeon, and saw 2 of its levels.

You collected 66 gold pieces.


Innate Abilities, Weirdness & Mutations

You are immune to sickness and miasma.
Your stone body is resilient. (AC +3)
You are immune to poison.
You resist negative energy. (rN+)
You are resistant to electric shocks. (rElec)
You are resistant to unholy torment.
You are immune to petrification.


   Skills:
 - Level 2.0 Fighting
 + Level 4.4 Ranged Weapons
 - Level 1.5 Dodging
 - Level 1.0 Spellcasting
 - Level 2.6 Hexes


You had 4 spell levels left.
You knew the following spells:

 Your Spells              Type           Power      Damage    Failure   Level
a - Slow                  Hex            28%        N/A       10%         1

Your spell library contained the following spells:

 Spells                   Type           Power      Damage    Failure   Level
 Inner Flame              Hex/Fire       4%         N/A       43%         3
 Portal Projectile        Hex/Tloc       8%         N/A       43%         3
 Cause Fear               Hex            3%         N/A       67%         4

Inventory:

Hand Weapons
 Y - a +3 sling (weapon)
Armour
 a - a +0 leather armour
 c - a +0 robe (worn)
Scrolls
 d - a scroll of identify
 e - a scroll of fear {unknown}
 f - a scroll of fog {unknown}
Potions
 b - a potion of curing {unknown}

Dungeon Overview and Level Annotations

Branches:
Dungeon (2/15)

Altars:
Uskayaw

Shops:
D:2 [

Annotations:
D:2 Sigmund


Message History

Sigmund the Dreaded comes into view.
He is wielding a +0 scythe.
Sigmund shouts!
Enter note:
Enter note:
Enter note:
Enter note:
Enter note:
Enter note:
Enter note:
Enter note:
Enter note: You shoot a sling bullet.
The sling bullet barely misses Sigmund.
You shoot a sling bullet. The sling bullet hits Sigmund.
Sigmund is lightly wounded.
Sigmund breathes a few words.
Sigmund's hands start flickering wildly.
You shoot a sling bullet.
The sling bullet closely misses Sigmund.
Sigmund gestures wildly while chanting.
Sigmund flickers and vanishes!
Deactivating autopickup; reactivate with Ctrl-A.
You shoot a sling bullet. You shoot a sling bullet.
You hear some strange, mumbled words.
Something tries to affect you, but you resist.
You shoot a sling bullet. Something hits you.
You shoot a sling bullet. Something hits you but does no damage.
You shoot a sling bullet. You shoot a sling bullet. Something hits you.
You shoot a sling bullet. Something hits you!
You shoot a sling bullet.
A magic dart appears from out of thin air!
The magic dart hits you!
You shoot a sling bullet. Something hits you!
You die...

#.# #.###.#[###.#...<...).......
#.####...........###.#.###.###.##
.....############# #.#.###.###.##
#.##.# #.#.....##...# #.##.#
####.########...# #..#.# #......#
#...# ##.#.# . ##..#.#.######...#
##.#.# ....###.......##........
.....# .....{.@............)...
#.#### ....####.###..##........
#.# .. #......######...# #.#
#####.## #...# #.# ###.# #...#
#.# #...# #...# #.# #.### ##.##
#.# ##### ##.##### #.##
#.#####...## #......#### #...


There were no monsters in sight!

Vanquished Creatures
  Natasha (twice) (D:2)
  An adder (D:2)
  A dart slug (D:1)
  5 bats (D:1)
  4 endoplasms
  2 giant cockroaches (D:2)
  3 goblins
  3 hobgoblins
  3 jackals (D:1)
  A quokka (D:1)
  3 ball pythons
  2 frilled lizards (D:1)
  4 kobolds
  3 rats (D:1)
37 creatures vanquished.

Notes
Turn   | Place    | Note
-------+----------+-------------------------------------------
     0 | D:1      | qw the Gargoyle Hexslinger began the quest for the Orb.
     0 | D:1      | Reached XP level 1. HP: 12/12 MP: 2/2
     0 | D:1      | 0 ||| qw: Version: 0.3-a-46-gb1f654a
     0 | D:1      | 0 ||| qw: Game counter: 3722
     0 | D:1      | 0 ||| qw: Melee chars always use a shield: true
     0 | D:1      | 0 ||| qw: God list: Okawaru
     0 | D:1      | 0 ||| qw: Allow faded altars: false
     0 | D:1      | 0 ||| qw: Do Orc after clearing Dungeon:15 true
     0 | D:1      | 0 ||| qw: Do second Lair branch before Depths: true
     0 | D:1      | 0 ||| qw: Lair rune preference: random
     0 | D:1      | 0 ||| qw: Goals: Normal
     0 | D:1      | 0 ||| PLANNING D:1-11
   111 | D:1      | HP: 3/12 [quokka (3)]
   191 | D:1      | Reached XP level 2. HP: 16/16 MP: 3/3
   213 | D:1      | Reached skill level 3 in Ranged Weapons
   570 | D:1      | Reached XP level 3. HP: 21/21 MP: 4/4
   684 | D:1      | 684 ||| READING scroll labelled LUOKKI QOMNOPU.
   685 | D:1      | 685 ||| READING scroll labelled JETUAN RINOSIA.
   686 | D:1      | 686 ||| READING scroll labelled IBIDIBLE RAPNA.
   687 | D:1      | 687 ||| DROPPING scroll of poison.
   863 | D:2      | Found Ymaal's Antique Armour Boutique.
   869 | D:2      | 869 ||| SHOPLISTING cloak (121 gold, have 35).
   869 | D:2      | 869 ||| SHOPLISTING helmet (121 gold, have 35).
   869 | D:2      | 869 ||| SHOPLISTING leather armour (54 gold, have 35).
   869 | D:2      | 869 ||| SHOPLISTING ripped robe (153 gold, have 35).
   869 | D:2      | 869 ||| SHOPLISTING shadowed robe (153 gold, have 35).
   869 | D:2      | 869 ||| SHOPLISTING troll leather armour (405 gold, have
                  | 35).
   882 | D:2      | 882 ||| READING scroll of enchant weapon.
   882 | D:2      | 882 ||| ENCHANTING +2 sling.
   997 | D:2      | Noticed Natasha
  1008 | D:2      | Killed Natasha
  1009 | D:2      | Reached XP level 4. HP: 12/26 MP: 5/5
  1166 | D:2      | Reached skill level 4 in Ranged Weapons
  1248 | D:2      | Found a hide-covered altar of Uskayaw.
  1339 | D:2      | Noticed Natasha
  1347 | D:2      | Killed Natasha
  1456 | D:2      | Noticed Sigmund
  1467 | D:2      | HP: 6/26 [something/magic dart (8)]
  1468 | D:2      | Slain by Sigmund

Levels and vault maps discovered:
D:1:      dpeg_arrival_rooms_c, layout_loops_ring
D:2:      layout_loops_cross, serial_shops, shop, basic_altar, uniq_sigmund,
          uniq_natasha

Skill      XL: |  1  2  3  4 |
---------------+-------------+-----
Ranged Weapons | 3 4 |  4.4
Fighting       | 2 |  2.0
Dodging        | |  1.5
Spellcasting   | |  1.0
Hexes          | |  2.6

Action                     |  1- 3 |  4- 6 || total
---------------------------+-------+-------++-------
   Fire: Sling             |   101 |    25 ||   126
    Use: Scroll            |     4 |       ||     4
 Armour: Robe              |    20 |     1 ||    21
  Dodge: Dodged            |    38 |     2 ||    40

Table legend:
 A = Non-vault XP
 B = Vault XP
 C = Vault XP percentage of total XP
 D = Non-vault monster count
 E = Vault monster count
 F = Vault count percentage of total count
                 A         B        C        D         E       F
            +---------+---------+-------+---------+---------+-------
      Total |     105 |      36 |  25.5 |      36 |       1 |   2.7
            +---------+---------+-------+---------+---------+-------
        D:1 |      36 |       0 |   0.0 |      23 |       0 |   0.0
        D:2 |      69 |      36 |  34.3 |      13 |       1 |   7.1
            +---------+---------+-------+---------+---------+-------
